Map: [ESL] Inside and Out

Players

LiquidElazer (Elazer)

  • Race: Zerg Zerg
  • League: Master
  • Spawn Location: 7:00

LiquidClem (Clem) - Winner!

  • Race: Terran Terran
  • League: Master
  • Spawn Location: 1:00

VOD

Have the link to the VOD?

Description

Time

  • Played on: Nov. 3, 2022, 10:17 a.m.
  • Length: 14:56
Show
View Real Time Build Order
Export as new Build Order

LiquidElazer Zerg 

Build Orders: Hatch First 

Get SALT Encoding   

  12  0:00  Drone  
  13  0:12  Overlord  
  13  0:16  Drone  
  14  0:30  Drone x2  
  16  0:48  Hatchery  
  15  0:51  Drone  
  15  0:54  Drone  
  17  0:58  Drone  
  18  1:09  Extractor  
  17  1:13  Spawning Pool  
  17  1:16  Drone  
  17  1:20  Drone  
  18  1:28  Drone  
  19  1:38  Drone  
  20  1:49  Drone  
  21  2:00  Queen x2  
  27  2:01  Zergling x4  
  27  2:11  Drone  
  27  2:12  Overlord  
  27  2:13  Metabolic Boost  
  28  2:33  Spore Crawler  
  28  2:34  Drone  
  28  2:36  Hatchery  
  26  2:39  Drone x2  
  26  2:43  Queen  
  31  2:47  Drone  
  31  2:51  Overlord  
  32  2:54  Drone  
  32  2:56  Drone  
  34  2:59  Drone  
  35  3:07  Overlord  
  35  3:09  Drone x3  
  35  3:10  Drone  
  39  3:17  Queen  
  41  3:22  Queen  
  43  3:28  Drone x2  
  43  3:30  Overlord  
  43  3:31  Zergling x2  
  46  3:39  Drone  
  46  3:41  Zergling x6  
  50  3:48  Queen  
  50  3:49  Drone x2  
  50  3:54  Overlord  
  57  3:55  Drone x3  
  57  3:59  Queen  
  59  4:03  Drone x2  
  59  4:09  Overlord  
  61  4:11  Baneling Nest  
  61  4:14  Drone x3  
  63  4:23  Zergling x4  
  65  4:24  Zergling x8  
  65  4:30  Queen  
  70  4:33  Overlord  
  70  4:39  Spore Crawler  
  70  4:41  Overlord  
  70  4:42  Drone x2  
  71  4:50  Queen  
  73  4:53  Zergling x6  
  73  4:56  Zergling x2  
  67  5:00  Zergling x2  
  67  5:03  Zergling x6  
  67  5:04  Zergling x2  
  72  5:07  Lair  
  72  5:12  Drone x3  
  75  5:18  Drone  
  76  5:23  Drone x4  
  80  5:32  Extractor  
  80  5:34  Drone x6, Extractor  
  84  5:35  Hatchery  
  84  5:37  Drone  
  84  5:39  Overlord  
  84  5:44  Drone x4  
  84  5:47  Queen, Extractor  
  89  5:50  Drone  
  89  5:51  Evolution Chamber x2, Drone  
  89  5:59  Overlord  
  89  6:00  Drone x5  
  94  6:05  Overlord  
  94  6:06  Centrifugal Hooks  
  94  6:09  Drone  
  95  6:13  Zergling x4  
  95  6:15  Zergling x2  
  98  6:18  Zerg Ground Armor Level 1  
  98  6:20  Zergling x2  
  98  6:23  Zergling x8  
  103  6:31  Hatchery  
  102  6:34  Zergling x12  
  108  6:41  Drone x2  
  110  6:48  Zerg Melee Weapons Level 1  
  110  6:50  Overlord  
  110  6:51  Drone x4  
  110  6:52  Baneling x13  
  114  6:58  Baneling x2  
  114  6:59  Overlord x2  
  114  7:04  Zergling x12  
  120  7:08  Overlord x2  
  120  7:10  Baneling x5, Zergling x6  
  123  7:21  Zergling x18  
  125  7:30  Drone x3  
  123  7:37  Drone x7  
  123  7:38  Pneumatized Carapace  
  123  7:39  Burrow  
  123  7:41  Baneling x6  
  123  7:42  Zergling x6  
  132  7:48  Spore Crawler, Zergling x2  
  132  7:49  Zergling x14  
  139  7:58  Overlord  
  139  7:59  Overseer  
  139  8:02  Hatchery  
  139  8:03  Drone x5  
  143  8:09  Zergling x20  
  143  8:10  Spore Crawler  
  152  8:15  Zerg Ground Armor Level 2  
  152  8:24  Zergling x12  
  152  8:26  Overlord x5  
  157  8:32  Spore Crawler  
  154  8:36  Baneling x12  
  153  8:46  Zergling x34  
  170  8:48  Zerg Melee Weapons Level 2  
  170  8:55  Drone x6  
  173  9:09  Zergling x22  
  180  9:15  Zergling x14  
  168  9:21  Zergling x6  
  169  9:28  Zergling x16  
  174  9:35  Baneling x15, Infestation Pit  
  174  9:37  Zergling x10  
  178  9:45  Baneling x5  
  178  9:46  Zergling x18  
  186  9:57  Zergling x2  
  186  9:58  Zergling x8  
  183  10:02  Overlord  
  183  10:05  Zergling x26  
  196  10:12  Zergling x14  
  196  10:13  Zergling x4  
  189  10:20  Zergling x12  
  163  10:32  Zergling x30  
  144  10:36  Zergling x8  
  144  10:38  Hive  
  144  10:41  Baneling x19  
  147  10:44  Zergling x16, Extractor x2  
  153  10:50  Baneling x4  
  151  10:57  Baneling x3  
  151  10:58  Zergling x12  
  151  11:01  Overseer  
  155  11:08  Zergling x36  
  159  11:14  Zergling x6  
  149  11:19  Baneling x7  
  149  11:24  Zergling x2  
  149  11:25  Zergling x10  
  150  11:31  Zergling x12  
  145  11:33  Baneling x7  
  145  11:37  Zergling x10  
  145  11:38  Zergling x10  
  145  11:39  Queen x4  
  153  11:45  Zergling x2  
  153  11:46  Zergling x6  
  148  11:55  Drone x11  
  148  12:00  Zergling x8  
  159  12:04  Zerg Ground Armor Level 3  
  159  12:06  Zergling x14  
  166  12:10  Overlord x3, Hatchery  
  166  12:12  Zerg Melee Weapons Level 3  
  152  12:18  Zergling x8  
  152  12:21  Spine Crawler x2  
  143  12:23  Zergling x12  
  143  12:24  Zergling x4  
  143  12:25  Baneling x5  
  151  12:30  Baneling x4  
  151  12:31  Zergling x14  
  153  12:37  Zergling x14  
  153  12:44  Zergling x2  
  153  12:45  Zergling x4  
  153  12:51  Zergling x6  
  148  12:52  Overseer  
  148  12:54  Queen x2  
  148  12:55  Zergling x6  
  148  12:56  Zergling x8  
  148  12:57  Baneling x10  
  151  13:01  Baneling x3  
  151  13:03  Zergling x4  
  151  13:04  Zergling x14, Overseer  
  153  13:15  Zergling x10  
  134  13:21  Zergling x2  
  134  13:22  Zergling x2  
  134  13:23  Queen x3  
  122  13:30  Queen, Zergling x14  
  122  13:31  Queen  
  122  13:33  Zergling x2  
  122  13:34  Zergling x6  
  129  13:35  Baneling x9  
  129  13:41  Drone x3  
  131  13:47  Zergling x6  
  134  13:57  Spore Crawler  
  134  13:58  Spine Crawler x2, Queen, Drone x2  
  134  13:59  Queen x2  
  133  14:02  Zergling x2  
  133  14:03  Zergling x4  
  133  14:08  Drone x2  
  133  14:09  Drone  
  124  14:11  Zergling x8  
  118  14:24  Zergling x20  
  118  14:28  Zergling x6  
  116  14:32  Zergling x4  
Show
View Real Time Build Order
Export as new Build Order

LiquidClem Terran - Winner!

Build Orders: Liberator Opening, Reaper Expand 

Get SALT Encoding   

  12  0:00  SCV  
  13  0:12  SCV  
  14  0:17  Supply Depot  
  14  0:25  SCV  
  15  0:38  SCV  
  15  0:40  Barracks  
  16  0:43  Refinery  
  16  0:50  SCV  
  17  1:02  SCV  
  18  1:15  SCV  
  19  1:26  Reaper  
  19  1:27  Orbital Command  
  20  1:38  Command Center  
  20  1:46  Supply Depot  
  20  1:52  SCV  
  21  1:58  Marine  
  22  2:04  SCV  
  23  2:09  Factory  
  23  2:16  SCV  
  23  2:19  Refinery  
  23  2:21  Barracks Reactor  
  24  2:28  SCV  
  25  2:40  SCV  
  26  2:50  Orbital Command  
  26  2:52  Starport  
  26  2:53  SCV  
  27  3:00  Hellion  
  27  3:01  Hellion  
  27  3:05  SCV  
  32  3:11  Supply Depot, Barracks Tech Lab  
  32  3:15  SCV  
  32  3:17  SCV  
  34  3:22  Hellion x2  
  38  3:27  SCV  
  38  3:28  Liberator  
  38  3:32  SCV  
  43  3:36  Supply Depot  
  43  3:40  SCV  
  44  3:44  SCV, Hellion  
  44  3:46  Hellion  
  49  3:50  Stimpack  
  49  3:52  SCV  
  50  3:56  SCV  
  51  4:04  SCV, Supply Depot  
  51  4:06  Hellion  
  51  4:07  Hellion  
  51  4:08  SCV  
  57  4:16  SCV  
  58  4:24  Marine, Command Center  
  58  4:26  SCV  
  58  4:28  SCV  
  61  4:37  Factory Reactor  
  61  4:39  Barracks  
  61  4:40  SCV  
  61  4:42  Marine  
  61  4:44  SCV  
  64  4:46  Supply Depot  
  64  4:49  Barracks  
  61  4:52  SCV  
  61  4:56  SCV  
  61  4:57  Engineering Bay x2  
  61  4:59  Marine  
  61  5:02  Refinery  
  61  5:05  Refinery  
  61  5:06  SCV  
  63  5:08  SCV  
  64  5:17  Marine, Supply Depot  
  64  5:18  SCV  
  64  5:20  SCV  
  67  5:23  Terran Infantry Weapons Level 1, Terran Infantry Armor Level 1  
  67  5:24  Factory Reactor  
  67  5:28  Marine x2, Starport Reactor  
  67  5:30  SCV, Combat Shield  
  67  5:33  SCV  
  67  5:35  Orbital Command, Marine  
  71  5:42  SCV, Marine x2  
  73  5:45  SCV  
  73  5:47  Armory  
  73  5:48  Marine x2  
  78  5:53  Marine  
  78  5:54  SCV  
  80  5:57  SCV  
  80  6:00  Marine x2  
  80  6:02  Barracks  
  80  6:03  Orbital Command, Barracks  
  83  6:06  Factory Reactor  
  83  6:07  Medivac x2  
  83  6:09  SCV  
  83  6:11  Marine  
  89  6:12  Marine  
  89  6:13  Marine  
  89  6:14  SCV  
  91  6:19  Marine x2, Supply Depot  
  93  6:27  SCV  
  93  6:28  SCV x2, Supply Depot  
  93  6:30  Marine  
  93  6:31  Marine  
  98  6:37  Marine x2  
  98  6:39  SCV  
  101  6:41  SCV x2  
  101  6:44  Hellion x2  
  107  6:49  Marine x2, Supply Depot  
  107  6:51  SCV  
  107  6:53  SCV x2, Supply Depot  
  112  6:54  Medivac  
  112  6:56  Medivac  
  112  7:00  Supply Depot  
  116  7:02  Marine  
  116  7:03  Barracks Reactor x2  
  117  7:09  Factory, Refinery  
  117  7:11  SCV x3  
  117  7:13  Supply Depot  
  120  7:17  Marine  
  120  7:20  Marine x2  
  120  7:21  Widow Mine, Hellion  
  120  7:22  Marine  
  127  7:23  SCV x2  
  111  7:30  Marine  
  111  7:31  SCV  
  111  7:34  Marine  
  111  7:35  SCV x2  
  111  7:36  Supply Depot  
  109  7:38  Marine x3  
  109  7:39  Marine x3  
  109  7:41  Marine  
  109  7:43  Widow Mine  
  109  7:44  Terran Infantry Weapons Level 2  
  109  7:46  Widow Mine  
  109  7:48  Marine  
  109  7:50  Medivac x2  
  115  7:53  Terran Infantry Armor Level 2, Factory Tech Lab  
  115  7:55  Marine  
  115  7:57  Marine x2  
  118  7:58  Marine x2  
  118  7:59  Marine  
  121  8:08  Widow Mine x2  
  121  8:10  Sensor Tower  
  121  8:12  Command Center  
  125  8:14  Marine x2  
  125  8:15  Refinery  
  125  8:16  Terran Vehicle And Ship Armor Level 1  
  125  8:17  Marine  
  128  8:20  Widow Mine, Marine  
  128  8:22  Marine x3  
  128  8:23  Marine  
  128  8:24  Marine  
  136  8:31  Medivac x2  
  136  8:32  Widow Mine, Marine x2  
  144  8:35  Marine  
  144  8:38  Marine  
  146  8:44  Marine x3, Barracks x2  
  146  8:45  Widow Mine, Barracks  
  151  8:52  Widow Mine  
  153  8:55  Supply Depot  
  153  8:56  Supply Depot  
  149  9:09  Supply Depot  
  146  9:17  Marine x8, SCV, Supply Depot  
  146  9:18  Widow Mine, SCV  
  146  9:19  Marine  
  146  9:23  Drilling Claws  
  146  9:24  Widow Mine x2  
  161  9:31  SCV x2  
  160  9:34  Barracks Tech Lab x3  
  160  9:35  Marine x2  
  162  9:39  Widow Mine, Supply Depot  
  162  9:40  SCV, Marine  
  162  9:41  Marine  
  162  9:45  Widow Mine x2  
  171  9:47  Marine, Supply Depot  
  171  9:49  SCV x2  
  174  9:52  Marine  
  174  9:55  Marine  
  172  10:00  Widow Mine, SCV  
  172  10:01  SCV  
  172  10:02  Sensor Tower  
  172  10:06  Widow Mine x2  
  180  10:08  SCV  
  177  10:21  Marauder x2, Supply Depot  
  176  10:22  Widow Mine, Sensor Tower, Marauder  
  176  10:24  SCV  
  176  10:28  Widow Mine x2  
  180  10:32  Marine  
  180  10:33  Marine x7  
  180  10:34  Marauder  
  168  10:38  Planetary Fortress  
  167  10:43  Widow Mine, Terran Infantry Weapons Level 3  
  167  10:44  Marine x2  
  167  10:46  Marine  
  167  10:49  Widow Mine  
  174  10:51  Terran Infantry Armor Level 3  
  174  10:53  Widow Mine, Marine x2  
  174  10:54  Marine  
  179  10:59  Medivac  
  179  11:00  Marine x2  
  179  11:03  SCV x2  
  179  11:04  Marine  
  183  11:05  Widow Mine, Marine  
  183  11:08  Marine x2  
  183  11:11  Widow Mine, Marine x3  
  173  11:15  Marine, Liberator  
  177  11:18  Marine  
  177  11:19  Marine  
  177  11:21  Widow Mine, Marine x3  
  177  11:22  Marine  
  177  11:24  Terran Vehicle And Ship Armor Level 2  
  177  11:26  Widow Mine  
  177  11:28  Marine x2  
  177  11:29  Marine  
  177  11:30  Marauder  
  177  11:32  Widow Mine  
  165  11:36  Marine x3  
  165  11:39  Marauder  
  161  11:49  Widow Mine  
  161  11:50  Marine, Command Center  
  161  11:54  Widow Mine  
  165  11:57  Marauder x2  
  166  12:02  Liberator x2  
  166  12:04  Widow Mine  
  166  12:06  Marauder x2  
  178  12:13  Marine  
  178  12:14  Widow Mine, Marine x2  
  178  12:15  Marine x3  
  177  12:16  Marine  
  177  12:18  Marauder  
  177  12:19  Marine  
  177  12:20  Marine  
  177  12:22  Widow Mine  
  185  12:27  Marine x2  
  185  12:28  Widow Mine  
  185  12:29  Concussive Shells  
  186  12:31  Marine  
  187  12:37  Widow Mine  
  187  12:38  Marauder  
  187  12:39  Marauder  
  187  12:40  Marine  
  187  12:43  Widow Mine  
  179  12:45  Medivac x2, Marine, Marauder  
  179  12:46  Marine  
  179  12:49  Widow Mine, Marine x3  
  179  12:50  Marine  
  186  12:52  Marine  
  186  12:55  Marine  
  188  12:58  Widow Mine, Marine  
  188  12:59  Marine  
  188  13:00  Marine  
  188  13:03  Marine  
  188  13:04  Widow Mine  
  194  13:06  Marine, Marauder  
  194  13:11  Widow Mine  
  193  13:13  Marauder  
  193  13:15  Medivac x2  
  193  13:16  Marine x2  
  193  13:17  Marauder  
  193  13:19  Marauder  
  186  13:20  Widow Mine  
  186  13:21  Marine  
  186  13:24  Marine x5  
  186  13:26  Widow Mine  
  181  13:27  Marine  
  170  13:34  Marine x3  
  170  13:37  Widow Mine  
  170  13:38  Marine  
  170  13:39  Marine x2  
  178  13:42  Marine x2  
  178  13:43  Widow Mine  
  178  13:45  Liberator, Marauder  
  187  13:49  Planetary Fortress  
  187  13:50  Sensor Tower  
  187  13:52  Marauder  
  187  13:54  Marine x2  
  189  13:56  Marauder  
  189  13:57  Widow Mine  
  189  13:58  Marauder  
  189  13:59  Marine  
  189  14:00  Marine  
  196  14:04  Marine  
  196  14:07  Medivac  
  196  14:08  Widow Mine, Marauder  
  198  14:12  Marine  
  198  14:14  Marauder  
  198  14:16  Widow Mine  
  197  14:18  Marauder  
  197  14:21  Widow Mine, Marine, Marauder  
  197  14:23  SCV x4  
  198  14:26  SCV  
  198  14:30  Widow Mine, Marine x2  
  198  14:31  Marine  
  196  14:32  Marine  
  196  14:35  SCV  
  196  14:37  Marine x2  
Tags
 
Add a new tag
Caveats
  • Supply blocks, unpowered buildings, or Contaminate may cause inaccurate times.
  • Supply counts are checked every 10 seconds.